 Dungeon Crawl Stone Soup version 0.20-a0-1122-gb7cbeb9 (webtiles) character file.

138 mopl the Bolt Thrower (level 5, -5/30 HPs)
             Began as a Kobold Hunter on May 12, 2017.
             Slain by a worm (8 damage)
             ... on level 3 of the Dungeon.
             The game lasted 00:04:02 (2180 turns).

mopl the Bolt Thrower (Kobold Hunter)               Turns: 2180, Time: 00:04:04

Health: -5/30      AC:  5    Str:  8    XL:     5   Next: 45%
Magic:  5/5        EV: 13    Int: 12    God:
Gold:   103        SH:  0    Dex: 16    Spells: 4/4 levels left

rFire    . . .     SeeInvis .   a - +1 hand crossbow
rCold    . . .     Gourm    .   (shield restricted)
rNeg     . . .     Faith    +   n - +0 ring mail
rPois    .         Spirit   .   (no helmet)
rElec    .         Reflect  .   (no cloak)
rCorr    .         Harm     .   (no gloves)
MR       .....                  (no boots)
Stlth    +.........             o - amulet of faith {!P}
Regen    0.1/turn               m - -2 ring of strength (curse)
MPRegen  0.1/turn               (no ring)

@: no status effects
A: carnivore 3
a: no special abilities


You were on level 3 of the Dungeon.
You were completely stuffed.

You visited 1 branch of the dungeon, and saw 3 of its levels.

You collected 103 gold pieces.

Inventory:

Hand Weapons
 a - a +1 hand crossbow (weapon)
 b - a +0 short sword
 c - a +1 antimagic short sword
Missiles
 d - 21 bolts (quivered)
 e - 7 tomahawks
 q - 4 needles of sleeping
Armour
 n - a +0 ring mail (worn)
Jewellery
 m - a cursed -2 ring of strength (left hand)
 o - an amulet of faith (around neck) {!P}
Scrolls
 g - a scroll of random uselessness {unknown}
 h - a scroll of blinking {unknown}
 i - a scroll of amnesia {unknown}
 l - a scroll of enchant weapon {unknown}
Potions
 k - a potion of curing {unknown}
 p - 2 potions of magic {unknown}
Comestibles
 f - 2 meat rations
 j - 2 royal jellies
 r - 5 chunks of flesh


   Skills:
 - Level 2.1 Fighting
 + Level 7.6 Crossbows
 - Level 2.4 Dodging
 - Level 1.3 Stealth


You had 4 spell levels left.
You didn't know any spells.

Dungeon Overview and Level Annotations

Branches:
Dungeon (3/15)

Altars:
Wu Jian


Innate Abilities, Weirdness & Mutations

You are small and have problems with some larger weapons.
You are carnivorous and can eat meat at any time.


Message History

There is a stone staircase leading up here.
Firing (i - inventory. (,) - cycle):
d - 24 bolts (quivered)
Press: ? - help, Shift-Dir - straight line, f/p - worm
Aim: a worm (heavily wounded)
You shoot a bolt. The bolt hits the worm.
The worm is severely wounded.
Unknown command.
Firing (i - inventory. (,) - cycle):
d - 23 bolts (quivered)
Press: ? - help, Shift-Dir - straight line, f/p - worm
Aim: a worm (severely wounded)
You shoot a bolt.
The bolt hits the worm but does no damage.
The worm is severely wounded.
The worm closely misses you.
Unknown command.
Firing (i - inventory. (,) - cycle):
d - 22 bolts (quivered)
Press: ? - help, Shift-Dir - straight line, f/p - worm
Aim: a worm (severely wounded)
You shoot a bolt. The bolt barely misses the worm.
The worm bites you!
You die...

## o.. o..o
...#
#######((#.##
#@w(()(.((...
########.#.##


You could see a worm.

Vanquished Creatures
  2 orc wizards (D:3)
  An adder (D:2)
  5 worms
  A dart slug (D:2)
  3 leopard geckos
  3 orcs (D:3)
  2 giant cockroaches (D:2)
  6 goblins
  4 hobgoblins (D:2)
  2 jackals (D:1)
  8 bats
  6 frilled lizards
  4 kobolds
  6 rats
53 creatures vanquished.

Notes
Turn   | Place    | Note
-------+----------+-------------------------------------------
     0 | D:1      | mopl the Kobold Hunter began the quest for the Orb.
     0 | D:1      | Reached XP level 1. HP: 12/12 MP: 1/1
   121 | D:1      | Reached skill level 5 in Crossbows
   170 | D:1      | Reached XP level 2. HP: 11/17 MP: 2/2
  1019 | D:2      | Reached XP level 3. HP: 21/21 MP: 3/3
  1059 | D:1      | Reached skill level 6 in Crossbows
  1504 | D:2      | Reached XP level 4. HP: 26/26 MP: 4/4
  1533 | D:2      | Found an ornate altar of the Wu Jian Council.
  2142 | D:3      | Reached skill level 7 in Crossbows
  2142 | D:3      | Reached XP level 5. HP: 30/30 MP: 5/5
  2180 | D:3      | Slain by a worm

Vault maps used:
D:1:      evilmike_arrival_run_for_it
D:2:      nicolae_overflow_crystal_walls
D:3:      makhleb_blood_cavern_becter, lemuel_doored_altar, doesnt_xom_only_xom,
          lemuel_crystal_altar, hex_tiny

Skill      XL: |  1  2  3  4 |
---------------+-------------+-----
Crossbows      | 5 6 7 |  7.6
Fighting       | |  2.1
Dodging        | |  2.4
Stealth        | |  1.3

Action                   |  1- 3 |  4- 6 || total
-------------------------+-------+-------++-------
Melee: Short sword       |   119 |    47 ||   166
 Fire: Hand crossbow     |    20 |    42 ||    62
 Stab: Sleeping          |     1 |     1 ||     2
  Eat: Chunk             |    10 |     3 ||    13
Armor: Leather armour    |    21 |       ||    21
       Ring mail         |    24 |    16 ||    40
Dodge: Dodged            |   114 |    33 ||   147
